 Dungeon Crawl Stone Soup version 0.28.0-43-g3370ac3207 (webtiles) character file.

Game seed: 9806843944067472105

32552 fknight the Severer (level 13, -1/124 HPs)
             Began as a Hill Orc Monk on Mar 5, 2022.
             Was the Champion of Beogh.
             Slain by a komodo dragon simulacrum (13 damage)
             ... in an ice cave.
             The game lasted 02:02:55 (24230 turns).

fknight the Severer (Hill Orc Monk)                Turns: 24230, Time: 02:02:56

Health: -1/124     AC: 17    Str: 19    XL:     13   Next: 65%
Magic:  12/13      EV: 10    Int: 10    God:    Beogh [******]
Gold:   1250       SH:  0    Dex: 19    Spells: 12/12 levels left

rFire   . . .      SeeInvis +   V - +8 trident of the Octopus King {venom, rElec rPois}
rCold   . . .      Faith    .   (no shield)
rNeg    . . .      Spirit   .   E - +0 plate armour
rPois   +          Reflect  .   Z - +2 hat {SInv}
rElec   +          Harm     .   m - +0 cloak
rCorr   +          Rampage  .   v - +0 pair of gloves
Will    .....                   e - +2 pair of boots
Stlth   +.........              c - amulet of regeneration
HPRegen 1.10/turn               p - +6 ring of dexterity
MPRegen 0.13/turn               g - ring of resist corrosion

@: no status effects
A: walk on water
a: Renounce Religion, Smiting, Recall Orcish Followers, Give Item to Named
Follower, Resurrection


You were in an ice cave.
You worshipped Beogh.
Beogh was exalted by your worship.
You visited 2 branches of the dungeon, and saw 17 of its levels.
You also visited: Sewer and Ice Cave.

You collected 1412 gold pieces.
You spent 162 gold pieces at shops.

Inventory:

Hand Weapons
 a - a +2 hand axe of protection
 b - a +0 hunting sling of venom
 h - a +4 dagger
 l - a +2 mace of protection
 r - a +2 falchion of protection
 A - a +4 scimitar of flaming
 F - a +3 dagger
 M - a +0 war axe of flaming
 Q - a +0 eveningstar
 V - the +8 trident of the Octopus King (weapon) {venom, rElec rPois}
   (You found it on level 11 of the Dungeon)

   It poisons the flesh of those it strikes.
   rElec:     It insulates you from electricity.
   rPois:     It protects you from poison.
Missiles
 i - 12 poisoned darts
 x - 17 javelins (quivered)
 B - 3 atropa-tipped darts
 C - 2 throwing nets
 U - 3 curare-tipped darts
 Y - 116 sling bullets
Armour
 e - a +2 pair of boots (worn)
 m - a +0 cloak (worn)
 v - a +0 pair of gloves (worn)
 E - a +0 plate armour (worn)
 J - a +2 helmet
 Z - a +2 hat of see invisible (worn)
Jewellery
 c - an amulet of regeneration (around neck)
 g - a ring of resist corrosion (right hand)
 p - a +6 ring of dexterity (left hand)
 L - an amulet of reflection
Wands
 k - a wand of digging (8)
 u - a wand of charming (5)
 G - a wand of acid (8)
 I - a wand of iceblast (11)
 N - a wand of flame (35)
 R - a wand of paralysis (4)
 S - a wand of mindburst (14)
 T - a wand of polymorph (13)
Scrolls
 d - 5 scrolls of identify
 s - a scroll of immolation
 t - a scroll of enchant weapon
 w - a scroll of magic mapping
 y - 7 scrolls of teleportation
 D - 2 scrolls of summoning
 K - 4 scrolls of amnesia
 O - 3 scrolls of fog
 P - 2 scrolls of blinking
Potions
 f - 3 potions of ambrosia
 j - a potion of flight
 n - 3 potions of curing
 o - 4 potions of might
 q - a potion of brilliance
 z - a potion of berserk rage
 H - a potion of magic
 W - a potion of cancellation
 X - 3 potions of haste


   Skills:
 + Level 14.1 Fighting
 + Level 15.4 Axes
 + Level 10.2 Dodging
 + Level 10.8 Stealth


You had 12 spell levels left.
You didn't know any spells.
Your spell library contained the following spells:

 Spells                   Type           Power      Damage    Failure   Level
 Animate Skeleton         Necr           0%         N/A       100%        1
 Apportation              Tloc           0%         N/A       100%        1
 Pain                     Necr           0%         1d4       100%        1
 Summon Small Mammal      Summ           0%         N/A       100%        1
 Corpse Rot               Necr/Air       0%         N/A       100%        2
 Poisonous Vapours        Pois/Air       0%         N/A       100%        2
 Scorch                   Fire           0%         2d5       100%        2
 Sublimation of Blood     Necr           0%         N/A       100%        2
 Wereblood                Tmut           0%         N/A       100%        2
 Call Canine Familiar     Summ           0%         N/A       100%        3
 Gell's Gravitas          Tloc           0%         N/A       100%        3
 Inner Flame              Hex/Fire       0%         N/A       100%        3
 Lesser Beckoning         Tloc           0%         N/A       100%        3
 Stone Arrow              Conj/Erth      0%         3d7       100%        3
 Summon Guardian Golem    Hex/Summ       0%         N/A       100%        3
 Teleport Other           Tloc           0%         N/A       100%        3
 Vampiric Draining        Necr           0%         2d6       100%        3
 Animate Armour           Summ/Erth      0%         N/A       100%        4
 Cause Fear               Hex            0%         N/A       100%        4
 Flame Wave               Conj/Fire      0%         2d4       100%        4
 Passage of Golubria      Tloc           0%         N/A       100%        4
 Petrify                  Tmut/Erth      0%         N/A       100%        4
 Sticky Flame             Conj/Fire      0%         2d3       100%        4
 Eringya's Noxious Bog    Tmut/Pois      0%         N/A       100%        6
 Starburst                Conj/Fire      0%         6d3       100%        6
 Statue Form              Tmut/Erth      0%         N/A       100%        6
 Summon Cactus Giant      Summ           0%         N/A       100%        6
 Malign Gateway           Summ/Tloc      0%         N/A       100%        7
 Summon Hydra             Summ           0%         N/A       100%        7
 Discord                  Hex            0%         N/A       100%        8
 Lehudib's Crystal Spear  Conj/Erth      0%         10d2      100%        8


Dungeon Overview and Level Annotations

Branches:
Dungeon (12/15)            Temple (0/1) D:7            Lair (5/6) D:9
  Swamp (0/4) Lair:2       Spider (0/4) Lair:3          Orc (0/2) D:12
  Sewer (visited)           IceCv (1/1)
  Slime: Lair:5-6

Altars:
Ashenzari
Elyvilon
Fedhas
Hepliaklqana
Makhleb
Nemelex Xobeh
Okawaru
Trog
Uskayaw
Wu Jian
Yredelemnul
The Shining One

Shops:
D:3 *   D:7 ?

Annotations:
Lair:5 exclusion: oklob plant


Message History

The komodo dragon simulacrum bites you but does no damage.
The steam dragon simulacrum bites you but does no damage.
The steam dragon simulacrum claws you but does no damage.
You hit the steam dragon simulacrum.
The steam dragon simulacrum is heavily damaged.
You puncture the steam dragon simulacrum!
The steam dragon simulacrum vaporises!
Beogh accepts your kill.
The komodo dragon simulacrum bites you but does no damage.
The komodo dragon simulacrum bites you!
The komodo dragon simulacrum freezes you!
You hit the komodo dragon simulacrum.
The komodo dragon simulacrum is lightly damaged.
The komodo dragon simulacrum bites you!
The komodo dragon simulacrum freezes you!
The komodo dragon simulacrum bites you.
The komodo dragon simulacrum freezes you!
You puncture the komodo dragon simulacrum!
The komodo dragon simulacrum is heavily damaged.
The komodo dragon simulacrum bites you but does no damage.
The komodo dragon simulacrum bites you!
* * * LOW HITPOINT WARNING * * *
The komodo dragon simulacrum freezes you!!
* * * LOW HITPOINT WARNING * * *
Aiming: Throw Flame
Press: ? - help, Q - select action, (/) - cycle Shift-Dir - straight line
Okay, then.
You completely miss the komodo dragon simulacrum.
The komodo dragon simulacrum is heavily damaged.
Aiming: Throw Flame
Press: ? - help, Q - select action, (/) - cycle Shift-Dir - straight line, f - komodo dragon simulacrum
Aim: a komodo dragon simulacrum (heavily damaged, 97% to hit)
The puff of flame hits the komodo dragon simulacrum!
The komodo dragon simulacrum melts!
The komodo dragon simulacrum is almost destroyed.
The komodo dragon simulacrum misses you.
The komodo dragon simulacrum bites you.
* * * LOW HITPOINT WARNING * * *
The komodo dragon simulacrum freezes you!
You die...

. #### #.##
##..##
#....##....##
##..........#
#.....Z@∩.∩.#
...##.Z.....#
###....##
##..## ####


You could see 2 komodo dragon simulacra.

Vanquished Creatures
  Gastronok (Lair:1)
  Erolcha (D:12)
  2 hydras
  Erica (D:11)
  A centaur warrior (D:9)
  2 two-headed ogres (D:9)
  Urug (D:11)
  Sonja (D:11)
  A skeletal warrior (D:9)
  Pikel (D:7)
  A deep elf pyromancer (D:9)
  An ugly thing (D:9)
  A cyclops (D:9)
  An elephant (Lair:1)
  Maurice (D:11)
  A centaur zombie (D:7)
  A cane toad (Lair:2)
  A gargoyle (D:9)
  An unseen horror (D:12)
  2 trolls
  A hornet (D:9)
  3 blink frogs
  A slime creature (D:12)
  Grinder (D:4)
  A shadow (D:9)
  3 wraiths (D:10)
  A basilisk (D:9)
  13 yaks
  2 fire elementals (D:12)
  5 steam dragons
  4 vampire mosquitoes (Lair:2)
  A warg (D:12)
  6 water moccasins
  An orc warrior (D:10)
  2 hell hounds (D:12)
  An ice beast (D:5)
  A necrophage (D:5)
  A sky beast (D:7)
  3 centaurs
  3 wolves
  A lemure (D:7)
  A phantom (D:4)
  A kobold brigand (D:8)
  A scorpion (D:7)
  5 bullfrogs
  A cane toad simulacrum (Lair:5)
  5 killer bees (D:9)
  2 spriggan skeletons (D:12)
  An electric eel (Lair:2)
  A hound (D:4)
  5 jellies
  An orc priest (D:2)
  2 bullfrog skeletons (D:5)
  3 iguanas (D:5)
  Ijyb (D:4)
  5 orc wizards
  A wolf simulacrum (Lair:5)
  A centaur simulacrum (D:9)
  A hound zombie (D:5)
  3 hound skeletons
  A howler monkey skeleton (D:7)
  8 adders
  2 river rats (Sewer)
  3 white imps
  A steam dragon simulacrum (IceCv)
  2 dart slugs
  14 orcs
  6 endoplasms
  6 giant cockroaches
  11 goblins
  6 hobgoblins
  10 jackals
  15 kobolds
  6 quokkas
  10 ball pythons
  4 bats
  9 frilled lizards
  10 rats
243 creatures vanquished.

Vanquished Creatures (collateral kills)
  Azrael (D:12)
  Josephine (D:10)
  3 hydras
  Harold (D:7)
  A boulder beetle (D:9)
  3 catoblepae
  A two-headed ogre (D:11)
  A lindwurm (Lair:1)
  An elephant (Lair:1)
  3 black mambas
  2 torpor snails
  8 cane toads
  2 rime drakes
  6 komodo dragons
  2 trolls
  3 slime creatures (D:12)
  5 blink frogs
  5 wraiths
  4 wyverns
  A vampire (D:12)
  17 yaks
  4 basilisks
  A death yak simulacrum (Lair:5)
  A steam dragon (D:8)
  4 vampire mosquitoes (Lair:2)
  6 water moccasins
  2 acid dragons (D:12)
  3 hell hounds (D:12)
  2 orc warriors
  A sky beast (D:7)
  A black bear (Lair:1)
  2 ice beasts
  11 wolves
  4 bullfrogs
  A water moccasin zombie (D:6)
  A cane toad simulacrum (Lair:5)
  3 wights (D:9)
  3 spriggan skeletons (D:12)
  A howler monkey (D:10)
  A troll skeleton (D:12)
  2 orc priests
  A centaur skeleton (D:6)
  An orc wizard (D:10)
  A polar bear simulacrum (Lair:5)
  A wolf simulacrum (Lair:5)
  A killer bee zombie (D:7)
  A white imp (D:6)
  5 orcs
  A bush (Lair:4)
  A fungus (Lair:2)
  A plant (Lair:3)
139 creatures vanquished.

Vanquished Creatures (others)
  An orc sorcerer (Lair:1)
  A lindwurm (Lair:1)
  4 orc priests
  2 orc warriors
  4 orc wizards
  17 orcs
  A ball python (D:2)
  32 fungi
  50 plants
  14 toadstools (Lair:1)
126 creatures vanquished.

Grand Total: 508 creatures vanquished

Notes
Turn   | Place    | Note
-------+----------+-------------------------------------------
     0 | D:1      | fknight the Hill Orc Monk began the quest for the Orb.
     0 | D:1      | Reached XP level 1. HP: 19/19 MP: 1/1
    64 | D:1      | Reached XP level 2. HP: 24/27 MP: 2/2
   352 | D:1      | Reached XP level 3. HP: 33/33 MP: 3/3
   984 | D:2      | Reached XP level 4. HP: 20/40 MP: 4/4
  1057 | D:2      | Became a worshipper of Beogh the Brigand
  1057 | D:2      | Reached * piety under Beogh
  1057 | D:2      | Reached ** piety under Beogh
  1220 | D:2      | Reached skill level 5 in Axes
  1222 | D:2      | Reached XP level 5. HP: 33/47 MP: 5/5
  1485 | D:3      | Found Roiwe's General Store.
  1640 | D:3      | Found a faded altar of an unknown god.
  2179 | D:4      | Found a glowing drain.
  2184 | D:4      | Reached *** piety under Beogh
  2198 | Sewer    | Entered a sewer
  2456 | Sewer    | Reached XP level 6. HP: 55/55 MP: 6/6
  2691 | D:4      | Reached skill level 5 in Fighting
  2922 | D:4      | Noticed Grinder
  2941 | D:4      | Killed Grinder
  2942 | D:4      | Reached skill level 6 in Axes
  2942 | D:4      | Reached XP level 7. HP: 38/61 MP: 2/7
  3126 | D:4      | Noticed Ijyb
  3152 | D:4      | Killed Ijyb
  3398 | D:5      | Entered Level 5 of the Dungeon
  3873 | D:5      | Found a glowing golden altar of the Shining One.
  3875 | D:5      | Found a hazy altar of Hepliaklqana.
  3876 | D:5      | Found a blossoming altar of Fedhas.
  3890 | D:5      | Found a white marble altar of Elyvilon.
  3893 | D:5      | Found a hide-covered altar of Uskayaw.
  3896 | D:5      | Found an iron altar of Okawaru.
  3898 | D:5      | Found a basalt altar of Yredelemnul.
  3898 | D:5      | Found an ornate altar of the Wu Jian Council.
  3902 | D:5      | Found a sparkling altar of Nemelex Xobeh.
  3903 | D:5      | Found a broken altar of Ashenzari.
  4123 | D:5      | Reached XP level 8. HP: 70/70 MP: 8/8
  4185 | D:5      | Reached skill level 7 in Axes
  4536 | D:6      | Reached **** piety under Beogh
  4665 | D:6      | Got the Handbook of the Earthen Volcanoes
  5224 | D:7      | Reached skill level 5 in Dodging
  5226 | D:7      | Reached skill level 8 in Axes
  5226 | D:7      | Reached skill level 5 in Stealth
  5265 | D:7      | Noticed Harold
  5287 | D:7      | Killed Harold
  5288 | D:7      | Reached XP level 9. HP: 31/81 MP: 9/9
  5355 | D:7      | Found a burning altar of Makhleb.
  5460 | D:7      | Found Jiladedgh's Magic Scroll Boutique.
  5497 | D:7      | Bought a scroll of identify for 24 gold pieces
  5497 | D:7      | Bought a scroll of fog for 24 gold pieces
  5497 | D:7      | Bought a scroll of amnesia for 42 gold pieces
  5497 | D:7      | Bought a scroll of identify for 24 gold pieces
  5497 | D:7      | Bought a scroll of identify for 24 gold pieces
  5497 | D:7      | Bought a scroll of identify for 24 gold pieces
  5636 | D:7      | Noticed Pikel
  5685 | D:7      | Killed Pikel
  5686 | D:7      | Reached skill level 9 in Axes
  5729 | D:7      | Found a staircase to the Ecumenical Temple.
  6364 | D:8      | Reached XP level 10. HP: 71/91 MP: 10/10
  6375 | D:8      | Reached skill level 10 in Axes
  7377 | D:9      | Gained Wulfoc as an ally
  7391 | D:9      | Noticed a centaur warrior
  7404 | D:9      | Your ally Wulfoc died
  7603 | D:9      | Noticed a two-headed ogre
  7622 | D:9      | Killed a two-headed ogre
  7623 | D:9      | Reached skill level 10 in Fighting
  7633 | D:9      | Reached ***** piety under Beogh
  7634 | D:9      | Reached skill level 11 in Axes
  7690 | D:9      | Noticed a two-headed ogre
  7724 | D:9      | Killed a two-headed ogre
  7748 | D:9      | Killed a centaur warrior
  7749 | D:9      | Reached XP level 11. HP: 58/101 MP: 11/11
  8163 | D:9      | Noticed a brown ugly thing
  8163 | D:9      | Noticed a cyclops
  8163 | D:9      | Noticed a boulder beetle
  8163 | D:9      | Noticed a skeletal warrior
  8163 | D:9      | Noticed a deep elf pyromancer
  8731 | D:10     | Entered Level 10 of the Dungeon
  8801 | D:10     | Found a bloodstained altar of Trog.
  8931 | D:10     | Gained Rocco as an ally
  9000 | D:10     | Noticed Josephine
  9019 | D:10     | Killed Josephine
  9020 | D:10     | Reached skill level 12 in Axes
 10036 | D:11     | Noticed Erica
 10047 | D:11     | Killed Erica
 10249 | D:11     | Noticed a two-headed ogre
 10257 | D:11     | Killed a two-headed ogre
 10717 | D:11     | Noticed Maurice
 10742 | D:11     | Killed Maurice
 11285 | D:11     | Noticed Sonja
 11292 | D:11     | Killed Sonja
 11437 | D:11     | Noticed Urug
 11456 | D:11     | Killed Urug
 11538 | D:11     | Found the +8 trident of the Octopus King {venom, rElec
                  | rPois}
 12253 | D:12     | Reached XP level 12. HP: 24/112 MP: 12/12
 12399 | D:12     | Found a staircase to the Orcish Mines.
 12917 | D:12     | Reached skill level 13 in Axes
 13357 | D:12     | Noticed Erolcha
 13366 | D:12     | Killed Erolcha
 13820 | D:12     | Noticed Azrael
 13824 | D:12     | Gained Ognian as an ally
 13828 | D:12     | Killed Azrael
 14037 | D:12     | Noticed a five-headed hydra
 14044 | D:12     | Killed a five-headed hydra
 15825 | D:9      | Killed a boulder beetle
 16133 | D:9      | Found a staircase to the Lair.
 16553 | D:9      | Got the Handbook of Ignition and Changing
 16553 | D:9      | Got Sif Muna's Papyrus of the Traveller
 17394 | Lair:1   | Entered Level 1 of the Lair of Beasts
 17767 | Lair:1   | Noticed Gastronok
 17778 | Lair:1   | Killed Gastronok
 18052 | Lair:1   | Reached skill level 14 in Axes
 19181 | Lair:1   | Noticed a catoblepas
 19206 | Lair:1   | Found a runed translucent door.
 19247 | Lair:1   | Killed a catoblepas
 19248 | Lair:1   | Reached skill level 10 in Stealth
 19726 | Lair:2   | Noticed a catoblepas
 19731 | Lair:2   | Killed a catoblepas
 19732 | Lair:2   | Reached XP level 13. HP: 119/122 MP: 13/13
 20210 | Lair:2   | Found a staircase to the Swamp.
 21379 | Lair:3   | Found a hole to the Spider Nest.
 22184 | Lair:3   | Reached skill level 15 in Axes
 22220 | Lair:3   | Reached skill level 10 in Dodging
 22871 | Lair:4   | Reached ****** piety under Beogh
 23047 | Lair:4   | Gained Spirok as an ally
 24041 | Lair:5   | Gained Ugrim as an ally
 24168 | Lair:5   | Found a frozen archway.
 24220 | IceCv    | Entered an ice cave
 24230 | IceCv    | Slain by a komodo dragon simulacrum

Illustrated notes

Levels and vault maps discovered:
D:1:      erik_arrival_cave_to_civilisation [erik_arrival_cave_to_hall],
          layout_basic, minmay_cupped
D:2:      layout_rooms
D:3:      layout_rooms, serial_shops, nicolae_shop_stone,
          chequers_ecumenical_altar_simple, hangedman_decor_growths
D:4:      layout_cave_pods, gup_sewer_entry_pipe, uniq_grinder, uniq_ijyb
D:5:      layout_loops_corners, nicolae_overflow_hallway_of_the_gods,
          grunt_ministairs_6
D:6:      layout_basic
D:7:      layout_rooms, mainiacjoe_overflow_concentric_impassable,
          minmay_temple_entry_stoned_glass, serial_shops, shop, uniq_pikel,
          uniq_harold
D:8:      layout_basic
D:9:      minmay_the_grid_triangle_9x9_rhombus_thin_mashed
          [minmay_the_grid_triangle_9x9_swiss_cheese,
          minmay_the_grid_triangle_9x9_prize_top_heavy,
          minmay_the_grid_triangle_9x9_limited_checkers,
          minmay_the_grid_triangle_9x9_sparse_checkered], layout_stronghold,
          lair_entry_dummy
D:10:     layout_small_grid, lemuel_coloured_pillars_altar, uniq_josephine
D:11:     layout_roguey, uniq_sonja, uniq_erica, uniq_maurice, uniq_urug
D:12:     minmay_goldmine, layout_cave_pods, david_orc_1_choice,
          hangedman_tell_no_tales, uniq_erolcha, uniq_azrael
Lair:1:   gammafunk_lair_enchanted_lake, layout_chaotic_city,
          grunt_megastairs_4, uniq_gastronok
Lair:2:   layout_chaotic_city, minmay_swamp_entry_swarm, beast_lair_carwin_3,
          grunt_megastairs_5
Lair:3:   layout_regular_city, spider_nest_entry_web_field
Lair:4:   layout_roguey
Lair:5:   layout_regular_city, minmay_slime_entry_oklob_open,
          portal_ice_cave_entry_ice_simulacra
IceCv:    ice_cave_small_dragons

Skill      XL: |  1  2  3  4  5  6  7  8  9 10 11 12 13 |
---------------+----------------------------------------+-----
Stealth        | 2 3 4 5 6 7 8 10 | 10.8
Fighting       | 4 5 6 7 9 10 11 13 14 | 14.1
Dodging        | 3 4 5 6 7 8 9 10 | 10.2
Axes           | 5 6 8 9 11 12 14 15 | 15.4

Action                   |  1- 3 |  4- 6 |  7- 9 | 10-12 | 13-15 || total
-------------------------+-------+-------+-------+-------+-------++-------
Melee: Hand axe          |    38 |   153 |   282 |   435 |       ||   908
       Dagger            |    66 |   104 |       |       |       ||   170
       Punch             |     1 |     2 |     5 |    10 |     4 ||    22
       Trident           |       |       |       |   164 |   151 ||   315
 Fire: Hunting sling     |       |     3 |    35 |    24 |       ||    62
Throw: Stone             |       |     8 |     8 |       |       ||    16
       Dart              |       |     3 |       |       |       ||     3
       Javelin           |       |     2 |       |       |     2 ||     4
       Boomerang         |       |     2 |       |       |       ||     2
Invok: Convert to Beogh  |       |     1 |       |       |       ||     1
       Smiting           |       |     2 |       |       |       ||     2
       Give Item to Name |       |       |       |     2 |     1 ||     3
       Recall Orcish Fol |       |       |       |       |     1 ||     1
Evoke: Wand              |       |       |     1 |     3 |     1 ||     5
  Use: Scroll            |       |     2 |    17 |    14 |     4 ||    37
       Potion            |       |       |     4 |     4 |       ||     8
 Stab: Sleeping          |     1 |       |       |       |       ||     1
       Distracted        |       |       |     3 |     5 |       ||     8
Armor: Robe              |     8 |       |       |       |       ||     8
       Scale mail        |    26 |       |       |       |       ||    26
       Chain mail        |       |   154 |   181 |   221 |       ||   556
       Plate armour      |       |       |       |   100 |    73 ||   173
Dodge: Dodged            |    36 |   102 |    91 |   249 |    71 ||   549
